 Dungeon Crawl Stone Soup version 0.26.1-11-gd32895ea62 (webtiles) character file.

Game seed: 3198910811129009930

14 leafyfresh the Magician (level 2, -2/20 HPs)
             Began as a Gnoll Hedge Wizard on June 13, 2021.
             Slain by a goblin (4 damage)
             ... led by Robin
             ... on level 1 of the Dungeon.
             The game lasted 00:01:00 (1190 turns).

leafyfresh the Magician (Gnoll Hedge Wizard)        Turns: 1190, Time: 00:01:02

Health: -2/20      AC:  2    Str: 12    XL:     2   Next: 45%
Magic:  9/10       EV: 11    Int: 16    God:
Gold:   68         SH:  7    Dex: 14    Spells: 14/15 levels left

rFire    . . .     SeeInvis .   k - +2 mace (pain)
rCold    . . .     Faith    .   e - +0 kite shield
rNeg     . . .     Spirit   .   b - +0 robe
rPois    .         Reflect  .   c - +0 hat
rElec    .         Harm     .   (no cloak)
rCorr    .         Rampage  .   (no gloves)
Will     .....                  (no boots)
Stlth    +++.......             f - amulet of magic regeneration
HPRegen  0.06/turn              (no ring)
MPRegen  0.37/turn              (no ring)

@: very slightly contaminated
A: distributed training, fangs 1, strong nose
a: no special abilities


You were on level 1 of the Dungeon.
You visited 1 branch of the dungeon, and saw 2 of its levels.

You collected 68 gold pieces.

Inventory:

Hand Weapons
 a - a +0 dagger
 k - a +2 mace of pain (weapon)
Armour
 b - a +0 robe (worn)
 c - a +0 hat (worn)
 e - a +0 kite shield (worn)
Jewellery
 f - an amulet of magic regeneration (around neck)
Scrolls
 d - 3 scrolls of teleportation {unknown}
 h - a scroll of enchant armour {unknown}
 i - 2 scrolls of remove curse {unknown}
 j - a scroll of random uselessness {unknown}
Potions
 g - a potion of haste {unknown}
 l - a potion of mutation {unknown}


   Skills:
 + Level 0.4 Fighting
 + Level 0.4 Short Blades
 + Level 0.4 Long Blades
 + Level 0.4 Axes
 + Level 0.4 Maces & Flails
 + Level 0.4 Polearms
 + Level 0.4 Staves
 + Level 0.4 Slings
 + Level 0.4 Bows
 + Level 0.4 Crossbows
 + Level 0.4 Throwing
 + Level 0.4 Armour
 + Level 4.5 Dodging
 + Level 4.1 Stealth
 + Level 0.4 Shields
 + Level 0.4 Unarmed Combat
 + Level 7.1 Spellcasting
 + Level 2.0 Conjurations
 + Level 0.2 Hexes
 + Level 2.0 Summonings
 + Level 0.2 Necromancy
 + Level 2.0 Translocations
 + Level 0.2 Transmutations
 + Level 0.2 Fire Magic
 + Level 0.2 Ice Magic
 + Level 0.2 Air Magic
 + Level 0.2 Earth Magic
 + Level 0.2 Poison Magic
 + Level 0.5 Invocations
 + Level 0.4 Evocations


You had 14 spell levels left.
You knew the following spells:

 Your Spells              Type           Power        Failure   Level
a - Magic Dart            Conj           48%          34%         1

Your spell library contained the following spells:

 Spells                   Type           Power        Failure   Level
 Blink                    Tloc           N/A          45%         2
 Call Imp                 Summ           12%          45%         2
 Slow                     Hex            6%           73%         2
 Conjure Flame            Conj/Fire      9%           83%         3
 Mephitic Cloud           Conj/Pois/Air  8%           86%         3


Dungeon Overview and Level Annotations

Branches:
Dungeon (2/15)

Altars:

Annotations:
D:2 Sigmund


Innate Abilities, Weirdness & Mutations

Your experience applies equally to all skills.
You have very sharp teeth.
Your uncanny sense of smell can sniff out nearby items.


Message History

Press: ? - help, Shift-Dir - straight line, f - goblin
Aim: a goblin (0% to evade)
You miscast Magic Dart.
You are very lightly contaminated with residual magic.
Nothing appears to happen.
You block the goblin's attack. Something hits you.
* * * LOW HITPOINT WARNING * * *
x2 Unknown command.
There is a stone staircase leading up here.
You climb upwards.
Reactivating autopickup.
There is a stone staircase leading down here.
Casting: Magic Dart (safe; 34% risk of failure)
Confirm with . or Enter, or press ? or * to list all spells.
Aiming: Magic Dart (safe; 34% risk of failure)
Press: ? - help, Shift-Dir - straight line, f - goblin
Aim: a goblin (0% to evade)
The magic dart hits the goblin.
The goblin is severely wounded.
The goblin hits you.
You die...

.P.....P..♣.......#############.#
............#.........# #......#
P...<...P..P#...#####(# #.######
.........♣..#[......#.# #.#
.P.....P..P♣#.#.###.#.####.#
...P.P...♣P.#....##.#....#.#
♣♣........P♣#.#..##.####.#.#
.♣..♣.P.♣..####g.##.# #.#.#
..PPP.♣...#.....@##.####.#.#
.♣.....♣.##.#######.#....#.#
###########...# #.#.####.# ###.#
#.#.####.# #.# #.#......# #.#
#.######## #.# #.# #.#####.#
#....##.#


You could see a goblin.

Vanquished Creatures
  A dart slug (D:1)
  A giant cockroach (D:1)
  4 goblins
  2 hobgoblins
  2 bats
  A kobold (D:1)
  A rat (D:1)
12 creatures vanquished.

Notes
Turn   | Place    | Note
-------+----------+-------------------------------------------
     0 | D:1      | leafyfresh the Gnoll Hedge Wizard began the quest for the
                  | Orb.
     0 | D:1      | Reached XP level 1. HP: 13/13 MP: 8/8
   586 | D:1      | Reached XP level 2. HP: 19/19 MP: 10/10
  1169 | D:2      | Noticed Sigmund
  1190 | D:1      | Slain by a goblin

Illustrated notes

Levels and vault maps discovered:
D:1:      wander_arrival_fairy_ring, layout_basic, chequers_serial_rivers_marsh
D:2:      layout_basic, lemuel_round_altar, nemelex_diamond_rough_becter,
          uniq_jessica, uniq_crazy_yiuf_cottage, uniq_robin, uniq_sigmund

Skill      XL: |  1 |
---------------+----+-----
Conjurations   | 2 |  2.0
Summonings     | 2 |  2.0
Translocations | 2 |  2.0
Fighting       | |  0.4
Short Blades   | |  0.4
Long Blades    | |  0.4
Axes           | |  0.4
Maces & Flails | |  0.4
Polearms       | |  0.4
Staves         | |  0.4
Slings         | |  0.4
Bows           | |  0.4
Crossbows      | |  0.4
Throwing       | |  0.4
Armour         | |  0.4
Dodging        | |  4.5
Stealth        | |  4.1
Shields        | |  0.4
Unarmed Combat | |  0.4
Spellcasting   | |  7.1
Hexes          | |  0.2
Necromancy     | |  0.2
Transmutations | |  0.2
Fire Magic     | |  0.2
Ice Magic      | |  0.2
Air Magic      | |  0.2
Earth Magic    | |  0.2
Poison Magic   | |  0.2
Invocations    | |  0.5
Evocations     | |  0.4

Action                   || total
-------------------------++-------
Melee: Dagger            ||    18
       Bite              ||     3
       Mace              ||     6
 Cast: Magic Dart        ||     7
 Stab: Sleeping          ||     2
Armor: Robe              ||     8
Dodge: Dodged            ||    25
Block: Kite shield       ||     4
